 Dungeon Crawl Stone Soup version 0.26.0-18-gc5c842f807 (webtiles) character file.

Game seed: 11049827461581033690

1423 112233 the Tainter (level 8, 0/50 HPs)
             Began as an Octopode Venom Mage on Jan 23, 2021.
             Was an Initiate of Gozag.
             Slain by a lemure (9 damage)
             ... led by Pikel
             ... on level 5 of the Dungeon.
             The game lasted 00:07:53 (9261 turns).

112233 the Tainter (Octopode Venom Mage)            Turns: 9261, Time: 00:07:53

Health: 0/50       AC:  1    Str:  8    XL:     8   Next: 72%
Magic:  9/15       EV: 15    Int: 19    God:    Gozag
Gold:   380        SH:  0    Dex: 12    Spells: 3/16 levels left

rFire    . . .     SeeInvis .   b - +0 club
rCold    . . .     Faith    .   (no shield)
rNeg     . . .     Spirit   .   (helmet restricted)
rPois    .         Reflect  .   (no amulet)
rElec    .         Harm     .   (no ring)
rCorr    .         Rampage  .   (no ring)
Will     .....                  (no ring)
Stlth    +++.......             (no ring)
HPRegen  0.16/turn              (no ring)
MPRegen  0.14/turn              (no ring)
                                (no ring)
                                (no ring)

@: no status effects
A: almost no armour, stealthy swim, amphibious, 8 rings, constrict 8, camouflage
1, gelatinous body 1
a: Renounce Religion, Potion Petition, Call Merchant, Bribe Branch


You were on level 5 of the Dungeon.
You worshipped Gozag.
Gozag was aware of your devotion.
You visited 2 branches of the dungeon, and saw 9 of its levels.

You collected 539 gold pieces.
You paid 159 gold pieces to Gozag.

Inventory:

Hand Weapons
 b - a +0 club (weapon)
Missiles
 c - 2 throwing nets {!f}
 r - 3 datura-tipped darts
Scrolls
 a - 3 scrolls of enchant armour {unknown}
 d - 5 scrolls of identify {unknown}
 g - 3 scrolls of amnesia {unknown}
 i - a scroll of noise {unknown}
 k - a scroll of teleportation {unknown}
 l - a scroll of fog {unknown}
 m - 2 scrolls of remove curse {unknown}
 n - a scroll of enchant weapon {unknown}
 q - a scroll of fear {unknown}
 t - a scroll of magic mapping {unknown}
Potions
 e - 4 potions of heal wounds {unknown}
 f - 2 potions of attraction {unknown}
 h - 2 potions of might {unknown}
 j - 2 potions of ambrosia {unknown}
 o - a potion of lignification {unknown}
 p - 3 potions of curing {@q1}
 s - a potion of degeneration {unknown}


   Skills:
 + Level 1.9 Fighting
 + Level 4.9 Dodging
 - Level 2.6 Stealth
 * Level 4.9 Spellcasting
 - Level 4.0 Transmutations
 * Level 8.6 Poison Magic


You had 3 spell levels left.
You knew the following spells:

 Your Spells              Type           Power        Failure   Level
a - Sting                 Tmut/Pois      100%         1%          1
b - Poisonous Vapours     Pois/Air       42%          3%          2
c - Ignite Poison         Fire/Tmut/Pois 20%          7%          3
d - Mephitic Cloud        Conj/Pois/Air  15%          12%         3
e - Olgreb's Toxic Radia  Pois           37%          3%          4

Your spell library contained the following spells:

 Spells                   Type           Power        Failure   Level


Dungeon Overview and Level Annotations

Branches:
Dungeon (8/15)             Temple (1/1) D:4
   Lair: D:8-11

Altars:
Dithmenos
Gozag
Nemelex Xobeh
Qazlal
Xom
Yredelemnul
Zin

Annotations:
D:4 Menkaure
D:5 Pikel
D:7 exclusion: downstairs
D:8 Grum


Innate Abilities, Weirdness & Mutations

You cannot wear most types of armour.
You are very stealthy in the water. (Stealth+)
You are amphibious.
You can wear up to eight rings at the same time.
You can use your tentacles to constrict eight enemies at once.
Your skin changes colour to match your surroundings (Stealth+).
Your rubbery body absorbs attacks. (AC +1, EV +1)


Message History

Unknown command.
The worker ant misses you. The lemure hits you. Pikel misses you.
You climb upwards.
There is a stone staircase leading down here.
The worker ant bites you. The worker ant bites you.
You are poisoned.
The worker ant poisons you!
The phantom blinks!
You feel sick.
You feel sick. The worker ant bites you.
* * * LOW HITPOINT WARNING * * *
Okay, then.
You feel better. The phantom hits you!
* * * LOW HITPOINT WARNING * * *
The worker ant completely misses you. The lemure completely misses you.
You feel better. The worker ant completely misses you. The phantom hits you.
* * * LOW HITPOINT WARNING * * *
The lemure hits you!
You die...
Your body crumbles into a pile of gold.

...............
.....##...............
#..)###...!..........##
#...# ##..............##
#...#.#................###
.........................##
... ........##.#.........# .
....#...!5.W...#....# ..##..
#..KB@.......<.####
......##...#.............#
.......>...#.............#
...........$...(....###..#
...........$.......##....#
......##............#..###
.................#.##....###
.$.......#.........#.......#
.........#................##


You could see Pikel, a phantom, a lemure and a worker ant.

Vanquished Creatures
  Edmund (D:4)
  2 sky beasts (D:7)
  A black bear (D:4)
  An ogre (D:4)
  2 lemures (D:6)
  A big kobold (D:4)
  A bullfrog (D:6)
  Blork the orc (D:4)
  2 scorpions
  3 howler monkeys
  A hound (D:6)
  An orc priest (D:4)
  A centaur skeleton (D:4)
  A bullfrog skeleton (D:5)
  Ijyb (D:5)
  An iguana (D:5)
  2 worker ants
  13 gnolls
  4 adders
  A white imp (D:5)
  3 adder skeletons
  3 worms
  4 leopard geckos
  9 orcs
  2 giant cockroaches
  28 goblins
  30 hobgoblins
  10 jackals
  7 kobolds
  2 quokkas (D:5)
  6 bats
  A frilled lizard (D:1)
  6 rats
152 creatures vanquished.

Vanquished Creatures (others)
  4 plants (D:8)
4 creatures vanquished.

Grand Total: 156 creatures vanquished

Notes
Turn   | Place    | Note
-------+----------+-------------------------------------------
     0 | D:1      | 112233 the Octopode Venom Mage began the quest for the Orb.
     0 | D:1      | Reached XP level 1. HP: 11/11 MP: 3/3
   495 | D:1      | Reached XP level 2. HP: 17/17 MP: 3/5
   498 | D:1      | Learned a level 2 spell: Poisonous Vapours
   595 | D:1      | Reached skill level 4 in Poison Magic
  1237 | D:2      | Reached XP level 3. HP: 14/21 MP: 0/6
  1839 | D:3      | Noticed a scorpion
  1850 | D:3      | Reached XP level 4. HP: 27/27 MP: 1/7
  2018 | D:3      | Reached skill level 5 in Poison Magic
  2196 | D:4      | Reached XP level 5. HP: 30/31 MP: 1/9
  2200 | D:4      | Learned a level 3 spell: Ignite Poison
  2314 | D:5      | Entered Level 5 of the Dungeon
  2337 | D:4      | Learned a level 3 spell: Mephitic Cloud
  2399 | D:4      | Noticed a black bear
  2403 | D:4      | Killed a black bear
  2488 | D:3      | Found a shadowy altar of Dithmenos.
  2783 | D:3      | Found a faded altar of an unknown god.
  2956 | D:5      | Reached XP level 6. HP: 36/36 MP: 3/10
  3626 | D:6      | Noticed Pikel
  3945 | D:6      | Reached skill level 6 in Poison Magic
  4012 | D:6      | Noticed a sky beast
  4055 | D:7      | Noticed a sky beast
  4087 | D:8      | Noticed Grum
  4151 | D:7      | Killed a sky beast
  4152 | D:7      | Reached XP level 7. HP: 41/41 MP: 1/12
  4839 | D:7      | Found a shimmering altar of Xom.
  4940 | D:6      | Reached skill level 7 in Poison Magic
  6116 | D:4      | Noticed Edmund
  6132 | D:4      | Killed Edmund
  6133 | D:4      | Reached XP level 8. HP: 46/46 MP: 5/14
  6647 | D:4      | Noticed Blork the orc
  6653 | D:4      | Killed Blork the orc
  6653 | D:4      | Noticed Menkaure
  6654 | D:4      | Reached skill level 8 in Poison Magic
  7184 | D:5      | Reached skill level 1 in Fighting
  7914 | D:4      | Learned a level 4 spell: Olgreb's Toxic Radiance
  8311 | D:4      | Found a staircase to the Ecumenical Temple.
  8320 | Temple   | Entered the Ecumenical Temple
  8337 | Temple   | Became a worshipper of Gozag Ym Sagoz the Greedy
  9172 | D:5      | Noticed Ijyb
  9230 | D:5      | Killed Ijyb
  9261 | D:5      | Slain by a lemure

Illustrated notes

Levels and vault maps discovered:
D:1:      dpeg_arrival_lava_temple_mockup, layout_rooms, serial_curves,
          eino_curves_03, eino_curves_04
D:2:      layout_loops_cross, lemuel_crystal_altar, old_standard_altar
D:3:      layout_basic, marbit_many_paths,
          chequers_ecumenical_altar_simple_redux,
          nicolae_dithmenos_through_a_glass_darkly
D:4:      minmay_goblin_kobold_castle, layout_loops_ring,
          lemuel_temple_firewalk_b, uniq_blork_the_orc, uniq_edmund,
          uniq_menkaure
D:5:      layout_cave_pools, serial_shops, nicolae_shop_trees,
          chequers_serial_rivers_room_a, uniq_ijyb
D:6:      layout_cave_pools, grunt_tough_drop, uniq_pikel
D:7:      minmay_blocky_corners, layout_rooms, kennysheep_little_box,
          xom_teletrap_fun, uniq_maggie
D:8:      layout_rooms, elyvilon_altar_5, fiery_altar_vehumet, kennysheep_mini,
          erik_lair_island, serial_bayou, serial_bayou_pond_e,
          serial_bayou_pond_e, serial_bayou_pond_b, serial_bayou_lagoon_a,
          serial_bayou_lagoon_b, serial_bayou_ford_a, st_stairs_3, uniq_grum,
          uniq_gastronok
Temple:   zaba_magenta_temple

Skill      XL: |  1  2  3  4  5  6  7  8 |
---------------+-------------------------+-----
Poison Magic   | 4 5 6 7 8 |  8.6
Transmutations | 2 3 4 |  4.0
Dodging        | 3 4 |  4.9
Spellcasting   | 3 4 |  4.9
Fighting       | 1 |  1.9
Stealth        | |  2.6

Action                   |  1- 3 |  4- 6 |  7- 9 || total
-------------------------+-------+-------+-------++-------
Melee: Unarmed           |     6 |       |       ||     6
       Club              |     5 |     3 |    36 ||    44
       Constrict         |     2 |     2 |     8 ||    12
       Tentacles         |     2 |     1 |     7 ||    10
 Cast: Sting             |    15 |    19 |    16 ||    50
       Poisonous Vapours |    30 |    43 |   112 ||   185
       Ignite Poison     |       |     2 |    11 ||    13
       Olgreb's Toxic Ra |       |       |     5 ||     5
       Mephitic Cloud    |       |       |     1 ||     1
  Use: Potion            |     1 |       |     2 ||     3
 Stab: Sleeping          |       |     1 |       ||     1
Armor: Skin              |       |     1 |     4 ||     5
Dodge: Dodged            |    10 |    18 |    52 ||    80
